 Dungeon Crawl Stone Soup version 0.31-a0-931-g7b59d4eb97 (webtiles) character file.

Game seed: 2099632436175801768

25 MachoJfn the Chopper (level 2, 0/33 HPs)
             Began as a Demonspawn Gladiator on Oct 19, 2023.
             Slain by an adder (1 damage)
             ... on level 2 of the Dungeon.
             The game lasted 00:02:32 (817 turns).

MachoJfn the Chopper (Demonspawn Gladiator)          Turns: 817, Time: 00:02:34

Health: 0/33       AC: 21    Str: 14    XL:     2   Next: 86%
Magic:  2/2        EV: -1    Int:  9    God:
Gold:   21         SH:  0    Dex: 14    Spells: 1/1 levels left

rFire   . . .        a - +0 war axe
rCold   . . .        (no shield)
rNeg    . . .        b - melded +0 leather armour
rPois   +            c - melded +1 helmet
rElec   .            (cloak currently unavailable)
rCorr   .            (gloves currently unavailable)
SInv    .            (boots currently unavailable)
Will    +....        (no amulet)
Stlth   +            k - ring of willpower
HPRegen 0.25/turn    (no ring)
MPRegen 0.08/turn

%: no passive effects
@: lethally poisoned (0 -> -3), tree-form, hasted, constricted, very quick
A: stationary, stasis, torment immunity, boosted hp, (weakness stinger 1)
a: no special abilities


You were on level 2 of the Dungeon.
You were a tree.
You visited 1 branch of the dungeon, and saw 2 of its levels.

You collected 21 gold pieces.

Inventory:

Hand Weapons
 a - a +0 war axe (weapon)
Missiles
 d - 3 throwing nets (quivered)
 e - a javelin
 i - 18 stones
 j - 4 poisoned darts
Armour
 b - a +0 leather armour (melded)
 c - a +1 helmet (melded)
Jewellery
 k - a ring of willpower (left branch)
Wands
 l - a wand of mindburst (12)
Scrolls
 f - 2 scrolls of teleportation
Potions
 g - a potion of haste


   Skills:
 + Level 2.0 Fighting
 + Level 3.2 Axes
 - Level 1.7 Throwing
 + Level 0.1 Armour
 + Level 3.1 Dodging


You had one spell level left.
You didn't know any spells.
Your spell library contained the following spells:

 Spells                   Type           Power      Damage    Failure   Level
 Simulacrum               Ice/Necr       0%         N/A       100%        6
 Ozocubu's Refrigeration  Ice            0%         4d7       100%        7
 Polar Vortex             Ice            0%         N/A       100%        9


Dungeon Overview and Level Annotations

Branches:
Dungeon (2/15)

Altars:


Innate Abilities, Weirdness & Mutations

You are a tree.
Your roots penetrate the ground, keeping you stationary.
You cannot be teleported.
You are immune to unholy pain and torment.
Your maximum health is greatly increased.
Your equipment is partially melded.
((You have a small tail.))


Message History

The ball python constricts you.
You closely miss the adder.
The adder is lightly wounded.
You hit the ball python but do no damage.
You feel very sick. The adder barely misses you. The ball python bites you.
The ball python constricts you. The adder closely misses you.
The ball python bites you. The ball python constricts you.
You barely miss the adder. Your punch misses the adder.
The adder is lightly wounded.
You hit the ball python.
You feel sick. The adder bites you but does no damage.
The ball python bites you. The ball python constricts you. The adder bites you.
You barely miss the adder. You barely miss the ball python.
You feel sick. The ball python barely misses you.
The ball python constricts you. The adder closely misses you.
The ball python bites you but does no damage.
The ball python constricts you. The adder bites you.
* * * LOW HITPOINT WARNING * * *
You are lethally poisoned!
The adder poisons you!
It was a potion of haste.
You feel yourself speed up.
* * * LOW HITPOINT WARNING * * *
You feel sick.
The ball python bites you but does no damage.
The ball python constricts you. The adder bites you but does no damage.
You slash the adder!
The adder is almost dead.
You barely miss the ball python.
* * * LOW HITPOINT WARNING * * *
You feel sick.
The ball python bites you but does no damage.
The ball python constricts you. The adder bites you.
* * * LOW HITPOINT WARNING * * *
It was a potion of lignification.
You turn into a tree.
Your +1 helmet melds into your body.
Your +0 leather armour melds into your body.
Your roots penetrate the ground.
The ball python bites you but does no damage.
The ball python constricts you. The adder bites you.
You die...

##..... .....
#......## #.....
..?[....####......
................$.
..................
...##..........#
....#.....S....#..
#.#
.#.......S♣.......
#.#
..........#.....##
##.#
#.###....###......
.... ###..# #.####
#..# #.## .# ...# #.#
#
##.####.#####.#####.#
........#............
##.###..#.###########


You could see an adder and a ball python.

Vanquished Creatures
  An adder (D:2)
  2 ball pythons
  2 endoplasms (D:1)
  2 goblins (D:1)
  A hobgoblin (D:2)
  2 kobolds (D:1)
  A quokka (D:1)
  2 frilled lizards (D:1)
  2 rats
15 creatures vanquished.

Notes
Turn   | Place    | Note
-------+----------+-------------------------------------------
     0 | D:1      | MachoJfn the Demonspawn Gladiator began the quest for the
                  | Orb.
     0 | D:1      | Reached XP level 1. HP: 16/16 MP: 1/1
   311 | D:1      | Discovered your monstrous ancestry.
   311 | D:1      | Gained mutation: You have a small tail. [demonic ancestry]
   311 | D:1      | Reached XP level 2. HP: 22/22 MP: 2/2
   816 | D:2      | HP: 1/22 [adder (2)]
   817 | D:2      | Slain by an adder

Illustrated notes

Levels and vault maps discovered:
D:1:      dpeg_arrival_orchard, layout_basic
D:2:      minmay_angry_zag, layout_loops_ring, kennysheep_decorative_pillar

Skill      XL: |  1  2 |
---------------+-------+-----
Axes           | 3 |  3.2
Dodging        | 3 |  3.1
Fighting       | |  2.0
Throwing       | |  1.7
Armour         | |  0.1

Action                     || total
---------------------------++-------
  Melee: War axe           ||    55
         Punch             ||     1
         Tailslap          ||     1
    Use: Scroll            ||     2
         Potion            ||     2
 Armour: Leather armour    ||    40
         Skin              ||     2
  Dodge: Dodged            ||    41

Table legend: (Time is in decaauts)
 A = Elapsed time spent in this place.
 B = Non-inter-level travel time spent in this place.
 C = Inter-level travel time spent in this place.
 D = Time resting spent in this place.
 E = Time spent auto-exploring this place.
 F = Levels seen in this place.
 G = Mean time per level.
                   A        B        C        D        E       F      G
               +--------+--------+--------+--------+--------+-----+--------+
         Total |    835 |    806 |     29 |     31 |    582 |   2 |  417.5 |
       Dungeon |    835 |    806 |     29 |     31 |    582 |   2 |  417.5 |
               +--------+--------+--------+--------+--------+-----+--------+

Top non-repeatable levels by time:
     D:1: 657 daAuts
     D:2: 177 daAuts
